 Dungeon Crawl Stone Soup version 0.27-a0-1325-g58a489ad9e (webtiles) character file.

Game seed: 17587145267929614721

20 HESUNTHESUNT the Skirmisher (level 2, 0/25 HPs)
             Began as a Palentonga Fighter on June 24, 2021.
             Succumbed to an adder's poison
             ... on level 2 of the Dungeon.
             The game lasted 00:01:01 (759 turns).

HESUNTHESUNT the Skirmisher (Palentonga Fighter)     Turns: 759, Time: 00:01:02

Health: 0/25       AC:  6    Str: 19    XL:     2   Next: 58%
Magic:  2/2        EV:  5    Int:  8    God:
Gold:   24         SH:  8    Dex:  9    Spells: 1/1 levels left

rFire    . . .     SeeInvis +   a - +0 war axe
rCold    . . .     Faith    .   c - +0 kite shield
rNeg     . . .     Spirit   .   b - +0 scale mail
rPois    .         Reflect  .   (no helmet)
rElec    .         Harm     .   (no cloak)
rCorr    .         Rampage  .   (no gloves)
Will     .....                  (no barding)
Stlth    ..........             (no amulet)
HPRegen  0.08/turn              (no ring)
MPRegen  0.08/turn              (no ring)

@: brilliant, lethally poisoned (0 -> -2)
A: large, rugged brown scales 3, see invisible, deformed body, roll 1, armoured
tail
a: Rolling Charge


You were on level 2 of the Dungeon.
You visited 1 branch of the dungeon, and saw 2 of its levels.

You collected 24 gold pieces.

Inventory:

Hand Weapons
 a - a +0 war axe (weapon)
Armour
 b - a +0 scale mail (worn)
 c - a +0 kite shield (worn)
Scrolls
 f - a scroll of teleportation {unknown}
Potions
 d - a potion of might
 e - 3 potions of brilliance


   Skills:
 + Level 3.2 Fighting
 + Level 2.3 Axes
 + Level 2.6 Armour
 + Level 2.6 Shields


You had one spell level left.
You didn't know any spells.
Your spell library was empty.

Dungeon Overview and Level Annotations

Branches:
Dungeon (2/15)

Altars:

Shops:
D:2 :


Innate Abilities, Weirdness & Mutations

You are completely covered in rugged brown scales. (AC +3, +7% HP)
You have supernaturally acute eyesight. (SInv)
Armour fits poorly on your strangely shaped body.
You can roll at nearby foes to attack.
You have a long armoured tail.


Message History

You miss the adder. You hit the adder but do no damage.
You block the adder's attack. x2; The adder bites you but does no damage.
The adder bites you.
A goblin comes into view. It is wielding a +0 dagger.
You barely miss the adder. You miss the adder. The adder barely misses you.
The adder bites you but does no damage. The adder bites you. x2
You are poisoned.
The adder poisons you!
You hit the adder.
Your tail-slap misses the adder.
The adder is heavily wounded.
You closely miss the adder.
You feel sick. You block the adder's attack.
The adder bites you but does no damage. x2; You block the adder's attack.
You hit the adder but do no damage.
The adder is heavily wounded.
You hit the adder.
You feel sick.
You are no longer poisoned.
You block the adder's attack. The adder bites you.
You are poisoned.
The adder poisons you!
The adder bites you but does no damage. x2
You block the adder's attack.
You feel sick.
The goblin unwields a +0 dagger.
The goblin wields a +0 hunting sling.
The goblin shoots a stone.
You block the stone. The adder bites you.
You are more poisoned.
The adder poisons you!
* * * LOW HITPOINT WARNING * * *
You feel sick.
The goblin shoots a stone.
You block the stone.
* * * LOW HITPOINT WARNING * * *
You feel sick.
The goblin unwields a +0 hunting sling.
The goblin wields a +0 dagger.
You block the goblin's attack.
* * * LOW HITPOINT WARNING * * *
You feel sick. You block the goblin's attack.
* * * LOW HITPOINT WARNING * * *
You feel sick. The goblin hits you with a +0 dagger.
* * * LOW HITPOINT WARNING * * *
* * * LOW HITPOINT WARNING * * *
You feel sick.
It was a potion of brilliance.
You feel clever all of a sudden.
You die...

..# .... ..# ....
..## #..## #. ..#
..... #. #.##.....
##.###....# ###
#[..#.<...# ...∩
#...#.##@.#..#
#####......SS...#
...........g....#
............#.#....#
........#.#.#..#..##
#...#.......##...##
###.............##
###.....####..#
#.....# .#


You could see 2 adders and a goblin.

Vanquished Creatures
  A dart slug (D:2)
  2 ball pythons (D:1)
  2 bats (D:1)
  2 endoplasms (D:1)
  A goblin (D:1)
  A hobgoblin (D:1)
  A frilled lizard (D:1)
  2 kobolds (D:1)
  5 rats (D:1)
17 creatures vanquished.

Notes
Turn   | Place    | Note
-------+----------+-------------------------------------------
     0 | D:1      | HESUNTHESUNT the Palentonga Fighter began the quest for the
                  | Orb.
     0 | D:1      | Reached XP level 1. HP: 19/19 MP: 1/1
   231 | D:1      | Found a faded altar of an unknown god.
   264 | D:1      | Reached XP level 2. HP: 22/25 MP: 2/2
   744 | D:2      | Found Urphuheih's Book Emporium.
   758 | D:2      | HP: 1/25 [poisoned by an adder]
   759 | D:2      | Succumbed to an adder's poison

Illustrated notes

Levels and vault maps discovered:
D:1:      dpeg_arrival_boxes_within_box, layout_basic,
          ebering_ecumenical_altar_petrified
D:2:      layout_rooms, serial_shops, shop, uniq_sigmund

Action                   || total
-------------------------++-------
Melee: War axe           ||    33
       Tailslap          ||     1
 Abil: Rolling Charge    ||    12
  Use: Potion            ||     1
Armor: Scale mail        ||    21
Dodge: Dodged            ||     8
Block: Kite shield       ||    24

Table legend: (Time is in decaauts)
 A = Elapsed time spent in this place.
 B = Non-inter-level travel time spent in this place.
 C = Inter-level travel time spent in this place.
 D = Time resting spent in this place.
 E = Time spent auto-exploring this place.
 F = Levels seen in this place.
 G = Mean time per level.
                   A        B        C        D        E       F      G
               +--------+--------+--------+--------+--------+-----+--------+
         Total |    778 |    759 |     19 |      0 |    673 |   2 |  389.0 |
       Dungeon |    778 |    759 |     19 |      0 |    673 |   2 |  389.0 |
               +--------+--------+--------+--------+--------+-----+--------+

Top non-repeatable levels by time:
     D:1: 756 daAuts
     D:2: 22 daAuts
